 Dungeon Crawl Stone Soup version 0.30-a0-475-g03497ec522 (webtiles) character file.

Game seed: 8226031701781946667

1616966 Anon1729 the Black Belt (level 27, 254/282 HPs)
             Began as an Octopode Monk on Dec 19, 2022.
             Was the Champion of Cheibriados.
             Escaped with the Orb
             ... and 3 runes on Dec 20, 2022!
             The game lasted 05:28:19 (73653 turns).

Anon1729 the Black Belt (Octopode Monk)            Turns: 73653, Time: 05:28:20

Health: 254/282    AC: 20    Str: 50      XL:     27
Magic:  37/41      EV: 31    Int: 33 (34) God:    Cheibriados [******]
Gold:   4394       SH:  0    Dex: 30      Spells: 3/54 levels left

rFire   + + +      SeeInvis .      - Unarmed
rCold   . . .      Faith    .    (shield currently unavailable)
rNeg    . . .      Spirit   .    (helmet currently unavailable)
rPois   +          Reflect  .    z - amulet of the acrobat
rElec   +          Harm     .    G - ring of Oxteutos {Will+ EV+4}
rCorr   +          Rampage  .    g - +6 ring of strength
Will    ++++.                    Q - +4 ring of evasion
Stlth   +++.......               S - ring of protection from fire
HPRegen 0.67/turn                T - ring of Pam Jeno {rElec rPois rC+ Will+}
MPRegen 0.27/turn                B - ring "Tioczuto" {Fly rElec Str+7 Int-5}
                                 K - ring of the Shouting Priest {rPois AC+4}
                                 E - ring of resist corrosion

@: dragon-form, flying, studying Staves, very slow
A: dragon claw, dragon scales, breathe fire, flying, boosted hp, almost no
armour, amphibious, 8 rings, giant, (camouflage 1), (gelatinous body 1), (nimble
swimmer 1), (tentacles), (antennae 1), (iridescent scales 1), passive freeze
0: Orb of Zot
}: 3/15 runes: serpentine, barnacled, slimy
a: Breathe Fire, End Transformation, Renounce Religion, Bend Time, Temporal
Distortion, Slouch, Step From Time


You escaped.
You worshipped Cheibriados.
Cheibriados was exalted by your worship.
You were a fearsome dragon!
You visited 11 branches of the dungeon, and saw 52 of its levels.
You also visited: Ossuary, Ice Cave and Wizlab.

You collected 7202 gold pieces.
You spent 2808 gold pieces at shops.

Inventory:

Missiles
 b - 46 poisoned darts
 F - 7 throwing nets
 J - 7 curare-tipped darts
Armour
 C - a +2 hat of willpower (melded)
Magical Staves
 h - a staff of air
Jewellery
 g - a +6 ring of strength (right foreclaw)
 w - the ring "Cet Arph" {Ice Fly SInv}
   (You took it off a deep elf pyromancer on level 12 of the Dungeon)

   [ring of ice]

   It enhances your ice magic.
   rF:        It makes you vulnerable to fire.
   rC:        It protects you from cold.
   SInv:      It lets you see invisible.
   Fly:       It grants you flight.
 z - an amulet of the acrobat (around neck)
 A - an amulet of faith
 B - the ring "Tioczuto" (on tentacle) {Fly rElec Str+7 Int-5}
   (You found it on level 1 of the Vaults)

   [ring of flight]

   Str:       It affects your strength (+7).
   Int:       It affects your intelligence (-5).
   rElec:     It insulates you from electricity.
   Fly:       It grants you flight.
 E - a ring of resist corrosion (on tentacle)
 G - the ring of Oxteutos (left foreclaw) {Will+ EV+4}
   (You found it on level 1 of the Vaults)

   [ring of evasion]

   EV:        It affects your evasion (+4).
   Will:      It increases your willpower.
 K - the ring of the Shouting Priest (on tentacle) {rPois AC+4}
   (You found it on level 5 of the Pits of Slime)

   [ring of protection]

   AC:        It affects your AC (+4).
   rPois:     It protects you from poison.
 Q - a +4 ring of evasion (on tentacle)
 S - a ring of protection from fire (on tentacle)
 T - the ring of Pam Jeno (on tentacle) {rElec rPois rC+ Will+}
   (You took it off a draconian knight on level 2 of the Realm of Zot)

   [ring of poison resistance]

   rC:        It protects you from cold.
   rElec:     It insulates you from electricity.
   rPois:     It protects you from poison.
   Will:      It increases your willpower.
 Y - a ring of positive energy
Wands
 u - a wand of digging (6)
 x - a wand of mindburst (21)
 H - a wand of acid (13)
 I - a wand of iceblast (1)
 M - a wand of polymorph (17)
 V - a wand of flame (55)
 X - a wand of paralysis (12)
Scrolls
 e - 10 scrolls of immolation
 f - 6 scrolls of poison
 l - 10 scrolls of enchant armour
 n - 6 scrolls of amnesia
 o - 15 scrolls of fog
 p - a scroll of blinking
 r - 21 scrolls of teleportation
 v - 3 scrolls of magic mapping
 O - 10 scrolls of vulnerability
 P - a scroll of torment
 R - 8 scrolls of silence
 Z - 7 scrolls of fear
Potions
 a - 3 potions of ambrosia
 c - 8 potions of brilliance
 d - 22 potions of curing
 i - a potion of magic
 j - 2 potions of heal wounds
 k - 15 potions of lignification
 m - 7 potions of mutation
 q - 9 potions of berserk rage
 D - 6 potions of invisibility
 L - 2 potions of cancellation
 N - 13 potions of might
 W - a potion of resistance
Miscellaneous
 s - a box of beasts
 t - a condenser vane
 y - a phantom mirror


   Skills:
 + Level 15.6 Fighting
 + Level 15.7 Dodging
 - Level 20.3 Stealth
 + Level 20.9 Unarmed Combat
 + Level 14.0 Spellcasting
 + Level 15.4 Conjurations
 * Level 16.6 Summonings
 - Level 4.0 Translocations
 + Level 18.9 Transmutations
 + Level 18.0 Air Magic
 - Level 2.2 Earth Magic
 - Level 15.0 Invocations
 - Level 10.0 Evocations


You had 3 spell levels left.
You knew the following spells:

 Your Spells              Type           Power      Damage    Failure   Level
a - Passwall              Tmut/Erth      62%        N/A       1%          2
b - Lesser Beckoning      Tloc           98%        N/A       1%          3
c - Irradiate             Conj/Tmut      47%        3d27      1%          5
d - Vhi's Electric Charg  Tloc/Air       100%       N/A       1%          3
e - Arcjolt               Conj/Air       46%        1d56      1%          5
f - Momentum Strike       Conj/Tloc      100%       3d10      1%          2
g - Blink                 Tloc           98%        N/A       1%          2
h - Dragon Form           Tmut           49%        N/A       1%          7
i - Wereblood             Tmut           99%        N/A       0%          2
j - Yara's Violent Unrav  Hex/Tmut       36%        3d15      1%          5
k - Magic Dart            Conj           100%       1d8       0%          1
l - Spellforged Servitor  Conj/Summ      45%        N/A       2%          7
m - Orb of Destruction    Conj           45%        9d12      2%          7

Your spell library contained the following spells:

 Spells                   Type           Power      Damage    Failure   Level
 Beastly Appendage        Tmut           100%       N/A       0%          1
 Summon Small Mammal      Summ           100%       N/A       0%          1
 Call Imp                 Summ           93%        N/A       0%          2
 Static Discharge         Conj/Air       100%       2-7/arc   0%          2
 Call Canine Familiar     Summ           93%        N/A       0%          3
 Swiftness                Air            97%        N/A       0%          3
 Foxfire                  Conj/Fire      100%       2x1d9     1%          1
 Cigotuvi's Dreadful Rot  Necr/Pois/Air  100%       N/A       1%          2
 Poisonous Vapours        Pois/Air       100%       N/A       1%          2
 Gell's Gravitas          Tloc           49%        N/A       1%          3
 Ignite Poison            Fire/Tmut/Pois 60%        N/A       1%          3
 Kindle Blastsparks       Fire/Tloc/Air  100%       2d18      1%          3
 Mephitic Cloud           Conj/Pois/Air  77%        N/A       1%          3
 Spider Form              Tmut/Pois      72%        N/A       1%          3
 Stone Arrow              Conj/Erth      100%       3d13      1%          3
 Teleport Other           Tloc           49%        N/A       1%          3
 Ensorcelled Hibernation  Hex/Ice        46%        N/A       2%          2
 Scorch                   Fire           46%        2d7       2%          2
 Sublimation of Blood     Necr           23%        N/A       2%          2
 Portal Projectile        Hex/Tloc       72%        N/A       2%          3
 Inner Flame              Hex/Fire       23%        N/A       5%          3
 Ozocubu's Armour         Ice            23%        N/A       5%          3
 Tukima's Dance           Hex            23%        N/A       5%          3
 Airstrike                Air            48%        2d(7-23)  0%          4
 Summon Lightning Spire   Summ/Air       95%        N/A       0%          4
 Flame Wave               Conj/Fire      65%        2d15      1%          4
 Fulminant Prism          Conj/Hex       32%        3d16      1%          4
 Ice Form                 Ice/Tmut       72%        N/A       1%          4
 Iskenderun's Mystic Bla  Conj/Tloc      72%        2d15      1%          4
 Petrify                  Tmut/Erth      75%        N/A       1%          4
 Sticky Flame             Conj/Fire      65%        2d8       1%          4
 Summon Ice Beast         Ice/Summ       67%        N/A       1%          4
 Blade Hands              Tmut           49%        N/A       1%          5
 Freezing Cloud           Conj/Ice/Air   38%        6-21      1%          5
 Iskenderun's Battlesphe  Conj           90%        2d14      1%          5
 Lightning Bolt           Conj/Air       46%        1d66      1%          5
 Silence                  Hex/Air        35%        N/A       1%          5
 Summon Forest            Summ/Tloc      37%        N/A       1%          5
 Summon Mana Viper        Hex/Summ       67%        N/A       1%          5
 Conjure Ball Lightning   Conj/Air       46%        3x3d16    1%          6
 Summon Cactus Giant      Summ           46%        N/A       1%          6
 Monstrous Menagerie      Summ           46%        N/A       1%          7
 Fireball                 Conj/Fire      32%        3d14      2%          5
 Passage of Golubria      Tloc           49%        N/A       3%          4
 Iron Shot                Conj/Erth      34%        9d7       8%          6
 Leda's Liquefaction      Hex/Erth       15%        N/A       12%         4
 Starburst                Conj/Fire      32%        6d10      12%         6
 Summon Horrible Things   Summ           46%        N/A       14%         8
 Anguish                  Hex/Necr       11%        N/A       19%         4
 Animate Dead             Necr           23%        N/A       19%         4
 Dispel Undead            Necr           23%        3d12      19%         4
 Lee's Rapid Deconstruct  Erth           19%        3d11*     21%         5
 Borgnjor's Vile Clutch   Necr/Erth      15%        N/A       32%         5
 Metabolic Englaciation   Hex/Ice        11%        N/A       45%         5
 Haunt                    Necr/Summ      33%        N/A       47%         7
 Dispersal                Tloc           24%        N/A       50%         6
 Dragon's Call            Summ           46%        N/A       91%         9
 Death Channel            Necr           11%        N/A       96%         6
 Simulacrum               Ice/Necr       11%        N/A       96%         6
 Lehudib's Crystal Spear  Conj/Erth      34%        10d9      97%         8
 Enfeeble                 Hex            11%        N/A       100%        7
 Discord                  Hex            11%        N/A       100%        8
 Disjunction              Tloc           24%        N/A       100%        8
 Ignition                 Fire           11%        3d5       100%        8
 Infestation              Necr           11%        N/A       100%        8
 Polar Vortex             Ice            11%        N/A       100%        9
 Animate Armour           Summ/Erth      Unusable   N/A       N/A         4

Dungeon Overview and Level Annotations

Branches:
Dungeon (15/15)            Temple (1/1) D:6            Lair (5/5) D:9
 Shoals (4/4) Lair:3        Snake (4/4) Lair:2        Slime (5/5) Lair:5
    Orc (2/2) D:11            Elf (3/3) Orc:2        Vaults (4/5) D:13
  Crypt (0/3) Vaults:3     Depths (4/4) D:15            Zot (5/5) Depths:4
Ossuary (visited)           IceCv (visited)          WizLab (visited)

Altars:
Ashenzari
Cheibriados
Dithmenos
Elyvilon
Fedhas
Gozag
Hepliaklqana
Kikubaaqudgha
Makhleb
Nemelex Xobeh
Okawaru
Qazlal
Ru
Sif Muna
Trog
Uskayaw
Vehumet
Wu Jian
Xom
Yredelemnul
Zin
The Shining One
Jiyva

Shops:
D:2 [   D:7 *   D:9 ?[!:   D:10 *   Orc:1 ?([   Orc:2 :?:!   Elf:1 (   Elf:2 !
Snake:2 ?   Vaults:4 (

Portals:
Hell: Depths:1 Depths:2 Depths:3 Depths:4
Abyss: Depths:2 Depths:3
Pandemonium: Depths:2 Depths:4
Ziggurat: Depths:1

Annotations:
D:1 exclusion: downstairs
D:3 Grinder, Sigmund
D:6 exclusion: ice beast
D:12 3 runed translucent doors
Lair:2 exclusion: downstairs
Snake:4 1 runed translucent door, qborf's ghost, adept DrHW
Elf:2 4 runed translucent doors


Innate Abilities, Weirdness & Mutations

You are a fearsome dragon!
You have a powerful clawing attack.
Your giant scaled body is strong and resiliant, but less evasive.
You can breathe fire.
You are flying.
Your maximum health is greatly increased.
Your armour is entirely melded.
You are incapable of wielding weapons or throwing items.
You cannot wear most types of armour.
You are amphibious.
You can wear up to eight rings at the same time.
((Your skin changes colour to match your surroundings (Stealth+).))
((Your rubbery body absorbs attacks. (AC +1, EV +1)))
((You are camouflaged when in or above water. (Stealth+)))
((You have tentacles for arms and can constrict up to eight enemies at once.))
((You have a pair of small antennae on your head.))
((You are partially covered in iridescent scales. (AC +2)))
A frigid envelope surrounds you and freezes all who hurt you.


Message History

Cheibriados thoroughly appreciates the change of pace.
You hear a splash.
(D) Dungeon (T) Temple (L) Lair (A) Shoals (P) Snake Pit (M) Slime Pits (O) Orcish Mines (E) Elven Halls (V) Vaults (C) Crypt (U) Depths (H) Hell (Z) Zot
Where to? (Enter - D:2 @ (x,y), ? - help)
Your transformation is almost over.
Your transformation has ended.
Your +2 hat of willpower unmelds from your body.
You feel strong-willed.
There is an escape hatch in the ceiling here.
You start resting.
A green death comes into view.
A mysterious force pulls you upwards. The hatch slams shut behind you.
Level annotation: exclusion: downstairs
Casting: Dragon Form (mildly dangerous; 1% risk of failure)
Confirm with . or Enter, or press ? or * to list all spells.
You turn into a fearsome dragon!
Your +2 hat of willpower melds into your body.
You feel less strong-willed.
Casting: Dragon Form (mildly dangerous; 1% risk of failure)
Confirm with . or Enter, or press ? or * to list all spells.
Aiming: Passwall (safe; 1% risk of failure)
Press: ? - help, Dir - move target A rock wall.
This square is covered in magical glow.
You begin to meditate on the wall.
You continue meditating on the rock. x2
You finish merging with the rock.
There is a stone staircase leading down here.
Casting: Passwall (safe; 1% risk of failure)
Confirm with . or Enter, or press ? or * to list all spells.
Aiming: Passwall (safe; 1% risk of failure)
Press: ? - help, Dir - move target A rock wall.
This square is covered in magical glow.
You begin to meditate on the wall.
You continue meditating on the rock. x2
You finish merging with the rock.
There is a staircase leading out of the dungeon here.
You have escaped!

.#.##.##.#...####.###.# #...#...
.#.##...............[.####.....##
##.##..#.#...~♣♣♣♣♣~.....#...#...
...#.....#..~~♣♣♣♣≈~~....#..#....
####.##..#..♣≈~~~~~♣♣..###.#....#
####'##..#.#♣♣~~~~~♣♣....##....#.
......#..#..♣≈~~~~~≈♣.########...
......#.>##.♣≈~~~~~♣♣.# ##....#.
......##....♣≈~~D~~♣♣.# #.#....#
......##.###♣♣~~~~~♣♣.####..#....
......##.# ♣≈~~~~~♣♣....#...#...
......##.# ♣≈~~~~~≈♣#####.....##
......##.###♣≈~~~~~≈♣# ####....
......##..##~~♣♣♣♣≈~~########†...
####.###.....~♣ ♣♣~.##.....#...#
####.# #.##..## ##........#..#.
#....###.##.## ####..........


There were no monsters in sight!

Vanquished Creatures
  the Royal Jelly (Slime:5)
  3 pandemonium lords
  4 orbs of fire
  4 dread liches (Zot:5)
  5 ancient liches (Zot:5)
  3 juggernauts
  Head Instructor (WizLab)
  6 Killer Klowns
  Vv (Depths:3)
  5 caustic shrikes (Depths:4)
  2 curse toes
  Nikola (Depths:2)
  Jory (Depths:3)
  A profane servitor (D:2)
  7 golden dragons
  the Enchantress (Depths:2)
  A Tzitzimitl (Zot:4)
  A bone dragon (Zot:4)
  2 doom hounds (Zot:4)
  3 electric golems
  8 tentacled monstrosities
  A walking crystal tome (Depths:4)
  A hellephant (D:14)
  26 Orb Guardians
  A walking earthen tome (Depths:4)
  8 quicksilver dragons
  A deep elf blademaster (Elf:3)
  An Ice Fiend (D:15)
  4 liches
  Grunn (Zot:4)
  23 acid blobs
  2 deep elf master archers (Elf:3)
  9 death cobs
  Polyphemus (Shoals:3)
  An Executioner (Zot:3)
  A kraken (Shoals:3)
  7 tengu reavers
  5 shadow dragons
  11 storm dragons
  10 sphinxes
  10 draconian monks
  Kirke (Shoals:4)
  6 fire giants
  Ilsuiw (Shoals:3)
  12 rockslimes
  13 azure jellies
  9 frost giants
  13 draconian knights
  5 nagarajas (Snake:4)
  8 deep elf sorcerers
  An iron dragon (Depths:1)
  A revenant (Vaults:3)
  7 draconian scorchers
  2 angels (Depths:1)
  11 vault wardens
  5 deep elf elementalists (Elf:3)
  2 ghost moths
  5 draconian shifters
  2 caustic shrike zombies (Depths:2)
  10 draconian stormcallers
  A juggernaut zombie (Depths:2)
  A ghoul (Vaults:3)
  4 spectral caustic shrikes (Depths:2)
  8 draconian annihilators
  12 ironbound preservers
  10 quicksilver oozes
  8 spriggan defenders
  An orc warlord (Vaults:4)
  12 stone giants
  A reaper (IceCv)
  2 war gargoyles (Vaults:4)
  17 very ugly things
  9 ironbound thunderhulks
  A juggernaut skeleton (Depths:3)
  Nessos (D:14)
  7 vampire knights
  19 purple draconians
  12 green draconians
  2 deep elf demonologists (Elf:3)
  20 yellow draconians
  10 black draconians
  7 dire elephants
  A putrid mouth (Zot:4)
  A lorocyproca (D:5)
  12 red draconians
  The ghost of Domino the Cleaver, a journeyman MiBe of Trog (D:12)
  4 spark wasps (Depths:3)
  18 white draconians
  Snorg (Lair:4)
  3 deep elf death magi
  10 deep elf annihilators
  3 ettins
  11 fire dragons
  10 merfolk javelineers
  12 great orbs of eyes
  2 entropy weavers
  9 yaktaur captains
  7 merfolk impalers
  3 deep elf high priests (Elf:3)
  9 ice dragons
  4 hydras
  8 vault guards
  2 rakshasas (Depths:1)
  4 ogre magi
  5 peacekeepers
  10 ironbound frosthearts
  8 spriggan air magi
  4 salamander tyrants (Snake:4)
  17 centaur warriors
  2 catoblepae
  14 two-headed ogres
  19 anacondas
  3 alligator snapping turtles (Shoals:4)
  6 merfolk aquamancers
  7 merfolk avatars
  5 boulder beetles
  14 dancing weapons
  4 deep troll shamans
  3 deep troll earth magi
  7 spriggan berserkers
  6 orc high priests
  10 naga sharpshooters
  4 shock serpents
  17 naga warriors
  3 satyrs (Shoals:3)
  5 hell knights
  4 tengu warriors
  11 death yaks
  15 deep elf knights
  A sun demon (Depths:1)
  A titan skeleton (Depths:3)
  An iron troll (Depths:3)
  4 skeletal warriors (D:11)
  3 salamander mystics
  28 deep trolls
  11 sea snakes
  2 flayed ghosts
  A shadow demon (D:11)
  A deep elf archer (Elf:1)
  3 glowing orange brains
  16 ironbound convokers
  A phantasmal warrior (Vaults:4)
  12 wizards
  10 lindwurms
  6 naga ritualists
  6 harpies
  7 necromancers
  A wolf spider (Lair:5)
  39 ugly things
  2 oklob plants (Zot:3)
  19 deep elf pyromancers
  8 orc knights
  A shadow dragon skeleton (Depths:3)
  9 fauns
  16 manticores
  15 deep elf zephyrmancers
  5 orc sorcerers
  3 shining eyes
  A wolf spider (shapeshifter) (Depths:2)
  17 mana vipers
  14 cyclopes
  2 worldbinders (Depths:2)
  31 moths of wrath
  14 salamanders
  A fire giant skeleton (Depths:2)
  A sphinx skeleton (Depths:2)
  6 elephants (Lair:4)
  55 black mambas
  A guardian serpent (shapeshifter) (Vaults:3)
  11 guardian serpents
  An ice statue (IceCv)
  A nameless horror (Depths:4)
  12 merfolk sirens
  3 water nymphs
  9 vault sentinels
  An eye of devastation (Slime:3)
  A smoke demon (D:3)
  29 naga magi
  3 gargoyles (D:12)
  Maggie (D:7)
  A hellion (D:11)
  2 unseen horrors
  19 cane toads
  8 komodo dragons
  A rime drake (Lair:4)
  4 kobold demonologists (D:12)
  12 yaktaurs
  An ice devil (IceCv)
  A komodo dragon (shapeshifter) (Elf:2)
  2 tormentors
  7 tengu conjurers
  2 freezing wraiths
  4 anaconda simulacra (IceCv)
  A red devil (D:11)
  4 trolls
  A troll (shapeshifter) (Elf:2)
  8 hornets
  3 polar bears
  A tarantella (Vaults:2)
  9 wind drakes
  24 blink frogs
  24 merfolk
  10 dream sheep
  2 large abominations
  111 slime creatures
  8 snapping turtles
  2 centaur simulacra (D:12)
  5 spriggans (Depths:2)
  12 water elementals
  A culicivora (Vaults:2)
  An air elemental (Elf:2)
  An ettin skeleton (Vaults:3)
  A vampire (D:8)
  4 wraiths
  9 wyverns
  4 shadows
  5 hogs (Shoals:4)
  2 ynoxinuls
  5 basilisks
  2 steam dragons
  3 fire bats (Orc:2)
  A yak (shapeshifter) (D:15)
  33 yaks
  3 redbacks
  26 golden eyes
  8 vampire mosquitoes
  An elf simulacrum (Vaults:3)
  Edmund (D:5)
  5 death yak simulacra (IceCv)
  37 nagas
  2 wargs (Orc:2)
  22 water moccasins
  3 acid dragons
  A floating eye (Depths:4)
  35 orc warriors
  3 black bears
  4 sky beasts (D:14)
  An ice beast (D:7)
  33 wolves
  12 ogres
  3 boggarts
  13 centaurs
  13 kobold brigands
  3 necrophages
  An earth elemental (Elf:1)
  12 bullfrogs
  5 two-headed ogre simulacra (IceCv)
  A human simulacrum (Vaults:3)
  A cane toad simulacrum (IceCv)
  6 scorpions
  A gnoll sergeant (D:10)
  5 wights (D:7)
  4 elephant simulacra (IceCv)
  14 killer bees
  7 howler monkeys
  3 electric eels
  2 hounds (D:6)
  19 jellies (Zot:3)
  A quasit (D:4)
  A centaur zombie (Ossuary)
  2 gnoll boudas
  35 orc priests
  Jessica (D:2)
  31 orc wizards
  5 iguanas
  2 polar bear simulacra (IceCv)
  5 spriggan simulacra (IceCv)
  2 wolf simulacra (IceCv)
  4 ogre zombies (Ossuary)
  6 mummies (Ossuary)
  4 adders
  21 gnolls
  6 naga simulacra (IceCv)
  A shadow imp (D:4)
  21 white imps
  6 ufetubi
  3 adder zombies (Ossuary)
  2 worms (D:2)
  100 orcs
  6 ball pythons
  10 bats
  10 endoplasms
  3 giant cockroaches
  A gnoll zombie (Ossuary)
  5 hobgoblins
  6 quokkas
  4 goblins
  A goblin zombie (Ossuary)
  7 hobgoblin zombies (Ossuary)
  29 kobolds
  4 kobold zombies (Ossuary)
  7 quokka zombies (Ossuary)
  5 rats
  2 rat zombies (Ossuary)
  3 bushes (WizLab)
  A tentacle (Shoals:3)
2283 creatures vanquished.

Vanquished Creatures (collateral kills)
  A dread lich (Zot:5)
  A golden dragon (Zot:2)
  A draconian annihilator (Zot:2)
  A purple draconian (Zot:1)
  A yellow draconian (Zot:3)
  A jelly (Zot:3)
6 creatures vanquished.

Vanquished Creatures (others)
  A deep elf annihilator (Elf:3)
  A deep elf zephyrmancer (Elf:3)
  A faun (Shoals:2)
  A human (Shoals:4)
  A jelly (Zot:3)
  A bush (WizLab)
  111 fungi
  243 plants
  3 tentacles (Shoals:3)
363 creatures vanquished.

Grand Total: 2652 creatures vanquished

Notes
Turn   | Place    | Note
-------+----------+-------------------------------------------
     0 | D:1      | Anon1729 the Octopode Monk began the quest for the Orb.
     0 | D:1      | Reached XP level 1. HP: 16/16 MP: 1/1
   275 | D:1      | Reached XP level 2. HP: 14/21 MP: 2/2
  1005 | D:2      | Noticed Jessica
  1015 | D:2      | Killed Jessica
  1016 | D:2      | Reached XP level 3. HP: 18/26 MP: 3/3
  1093 | D:2      | Identified the +1 leather armour of the Hall of Blades
                  | {Will+ MP+9 Str+7 Int-3}
  1157 | D:2      | Reached XP level 4. HP: 27/31 MP: 4/4
  1625 | D:2      | Found Cipputt's Antique Armour Boutique.
  1860 | D:3      | Found a shimmering blue altar of Sif Muna.
  1898 | D:3      | Noticed Sigmund
  2037 | D:3      | Found an ornate altar of the Wu Jian Council.
  2238 | D:3      | Noticed Grinder
  2471 | D:4      | Reached skill level 1 in Transmutations
  2471 | D:4      | Reached XP level 5. HP: 36/36 MP: 5/5
  2809 | D:4      | Reached skill level 1 in Conjurations
  2821 | D:4      | Reached skill level 1 in Earth Magic
  2821 | D:4      | Reached XP level 6. HP: 22/43 MP: 7/7
  3282 | D:4      | Reached skill level 1 in Spellcasting
  3868 | D:4      | Reached XP level 7. HP: 47/47 MP: 8/8
  4255 | D:5      | Entered Level 5 of the Dungeon
  4319 | D:5      | Found a snail-covered altar of Cheibriados.
  4427 | D:5      | Found a sand-covered staircase.
  4439 | Ossuary  | Entered an ossuary
  5001 | Ossuary  | Reached skill level 5 in Unarmed Combat
  5303 | Ossuary  | Reached skill level 5 in Stealth
  5305 | Ossuary  | Noticed Menkaure
  6074 | D:5      | Reached XP level 8. HP: 46/54 MP: 10/10
  6170 | D:5      | Noticed Edmund
  6440 | D:5      | Learned a level 2 spell: Passwall
  6444 | D:5      | Learned a level 3 spell: Swiftness
  6450 | D:5      | Learned a level 5 spell: Irradiate
  6749 | D:6      | Found a staircase to the Ecumenical Temple.
  6771 | Temple   | Entered the Ecumenical Temple
  7025 | Temple   | Upgraded the game from 0.30-a0-469-g84de5afbc5 to
                  | 0.30-a0-475-g03497ec522
  7289 | D:6      | Reached skill level 1 in Air Magic
  7353 | D:6      | Found a sparkling altar of Nemelex Xobeh.
  7619 | D:7      | Reached skill level 1 in Evocations
  7825 | D:7      | Reached XP level 9. HP: 35/59 MP: 12/12
  8221 | D:7      | Noticed Maggie
  8239 | D:7      | Noticed a hornet
  8364 | D:9      | Found Cechuirr's Armour Emporium.
  8497 | D:9      | Found Ijagy's Magic Scroll Shop.
  8509 | D:9      | Bought a scroll of identify for 34 gold pieces
  8509 | D:9      | Bought a scroll of poison for 68 gold pieces
  8509 | D:9      | Bought a scroll of identify for 34 gold pieces
  8509 | D:9      | Bought a scroll of magic mapping for 127 gold pieces
  8509 | D:9      | Bought a scroll of teleportation for 51 gold pieces
  8509 | D:9      | Bought a scroll of noise for 17 gold pieces
  8509 | D:9      | Bought a scroll of fear for 68 gold pieces
  8509 | D:9      | Bought a scroll of amnesia for 68 gold pieces
  8570 | D:9      | Found Biahasche's Distillery.
  8751 | D:9      | Identified the +7 long sword of the Invisible Runes {vamp,
                  | Int+5}
  8812 | D:9      | Reached skill level 5 in Fighting
  8931 | D:9      | Reached skill level 5 in Dodging
  9053 | D:9      | Reached skill level 5 in Transmutations
  9264 | D:9      | Noticed a two-headed ogre
  9464 | D:9      | Found Puch's Book Shop.
  9575 | D:9      | Found a staircase to the Lair.
 10837 | D:5      | Became a worshipper of Cheibriados the Contemplative
 10837 | D:5      | Reached * piety under Cheibriados
 10837 | D:5      | Reached ** piety under Cheibriados
 10886 | D:5      | Killed Edmund
 10887 | D:5      | Reached XP level 10. HP: 54/66 MP: 15/15
 11515 | D:7      | Killed Maggie
 11687 | D:7      | Found Ewnuo's Elemental Accessories.
 12190 | D:8      | Reached *** piety under Cheibriados
 12717 | D:9      | Killed a two-headed ogre
 12794 | D:10     | Entered Level 10 of the Dungeon
 12904 | D:10     | Noticed a two-headed ogre
 13206 | D:10     | Reached XP level 11. HP: 53/72 MP: 17/17
 13461 | D:10     | Found Ontizxyo's Island Escapes.
 13469 | D:10     | Bought a scroll of fog for 44 gold pieces
 13469 | D:10     | Bought a scroll of teleportation for 33 gold pieces
 13469 | D:10     | Bought a potion of invisibility for 88 gold pieces
 13635 | D:10     | Reached skill level 5 in Conjurations
 13642 | D:11     | Reached **** piety under Cheibriados
 14620 | D:11     | Noticed a cyclops
 14641 | D:11     | Killed a cyclops
 14661 | D:11     | Reached ***** piety under Cheibriados
 14766 | D:11     | Noticed a skeletal warrior
 14874 | D:11     | Noticed a skeletal warrior
 14919 | D:11     | Found a staircase to the Orcish Mines.
 15379 | D:12     | Noticed a tengu warrior
 15411 | D:12     | Found a runed translucent gate.
 15411 | D:12     | Found a runed translucent gate.
 15411 | D:12     | Found a runed translucent gate.
 15765 | D:12     | Noticed a two-headed ogre
 15777 | D:12     | Killed a two-headed ogre
 16306 | D:12     | Learned a level 3 spell: Lesser Beckoning
 16570 | D:12     | Reached skill level 5 in Spellcasting
 16571 | D:12     | Noticed a centaur warrior
 16631 | D:11     | Noticed a skeletal warrior
 16690 | Lair:1   | Entered Level 1 of the Lair of Beasts
 16878 | Lair:1   | Reached skill level 5 in Air Magic
 16947 | Lair:1   | Reached XP level 12. HP: 61/80 MP: 19/19
 16950 | Lair:1   | Reached skill level 1 in Translocations
 18173 | Lair:1   | Learned a level 3 spell: Vhi's Electric Charge
 18179 | Lair:1   | Learned a level 5 spell: Arcjolt
 18854 | Lair:2   | Learned a level 2 spell: Momentum Strike
 19205 | Lair:2   | Noticed a death yak
 19205 | Lair:2   | Noticed a death yak
 19205 | Lair:2   | Noticed a death yak
 19216 | Lair:2   | Killed a death yak
 19591 | Lair:2   | Reached skill level 10 in Unarmed Combat
 19617 | Lair:2   | Reached skill level 10 in Stealth
 19736 | Lair:2   | Found a staircase to the Snake Pit.
 20111 | Lair:3   | HP: 2/81 [yak (29)]
 20394 | Lair:2   | Killed a death yak
 20395 | Lair:2   | Killed a death yak
 20396 | Lair:2   | Reached XP level 13. HP: 67/87 MP: 19/21
 20971 | Lair:3   | Reached ****** piety under Cheibriados
 21279 | Lair:3   | Found a staircase to the Shoals.
 22314 | Lair:4   | Gained mutation: You are dopey. (Int -2) [mutagenic glow]
 22904 | Lair:4   | Reached skill level 10 in Transmutations
 23183 | Lair:4   | Noticed Snorg
 23219 | Lair:4   | Killed Snorg
 23612 | Lair:5   | Entered Level 5 of the Lair of Beasts
 23618 | Lair:5   | Reached skill level 1 in Invocations
 23834 | Lair:4   | Reached XP level 14. HP: 63/94 MP: 23/23
 25323 | Lair:5   | Lost mutation: You are dopey. (Int -2) [potion of mutation]
 25323 | Lair:5   | Gained mutation: You are weak. (Str -2) [potion of
                  | mutation]
 25323 | Lair:5   | Lost mutation: You are weak. (Str -2) [potion of mutation]
 25323 | Lair:5   | Gained mutation: Your natural rate of healing is unusually
                  | fast. [potion of mutation]
 25323 | Lair:5   | Gained mutation: You have a pair of small antennae on your
                  | head. [potion of mutation]
 25347 | Lair:5   | Found a staircase to the Slime Pits.
 25352 | Lair:5   | Found a viscous altar of Jiyva.
 26525 | Orc:1    | Entered Level 1 of the Orcish Mines
 26580 | Orc:1    | Found Lymyris's Weapon Shop.
 26669 | Orc:1    | Found Bobash's Antique Armour Boutique.
 26819 | Orc:1    | Found a frozen archway.
 26855 | IceCv    | Entered an ice cave
 26870 | IceCv    | Learned a level 2 spell: Blink
 27538 | IceCv    | Noticed a reaper
 27546 | IceCv    | Killed a reaper
 27563 | IceCv    | Identified the +1 robe "Azamnos" {Drain rN+ Regen+ Dex+6}
 27689 | Orc:1    | Found Godiret's Magic Scroll Boutique.
 27692 | Orc:1    | Bought a scroll of teleportation for 45 gold pieces
 27692 | Orc:1    | Bought a scroll of identify for 30 gold pieces
 27692 | Orc:1    | Bought a scroll of identify for 30 gold pieces
 27692 | Orc:1    | Bought a scroll of identify for 30 gold pieces
 27694 | Orc:1    | Identified a scroll of acquirement
 27845 | Orc:2    | Entered Level 2 of the Orcish Mines
 27957 | Orc:2    | Reached skill level 5 in Invocations
 28093 | Orc:2    | Found a staircase to the Elven Halls.
 28257 | Orc:2    | Reached XP level 15. HP: 100/100 MP: 25/25
 29187 | Orc:2    | Found Buotung's Book Emporium.
 29187 | Orc:2    | Found Piolaed's Distillery.
 29188 | Orc:2    | Found Nimomule's Magic Scroll Shoppe.
 29188 | Orc:2    | Found Zetuff's Book Emporium.
 29199 | Orc:2    | Bought a potion of cancellation for 104 gold pieces
 29199 | Orc:2    | Bought a potion of magic for 104 gold pieces
 29199 | Orc:2    | Bought a potion of resistance for 130 gold pieces
 29199 | Orc:2    | Bought 2 potions of magic for 208 gold pieces
 29199 | Orc:2    | Bought a potion of heal wounds for 65 gold pieces
 29199 | Orc:2    | Bought a potion of curing for 39 gold pieces
 29208 | Orc:2    | Bought a scroll of fog for 52 gold pieces
 29208 | Orc:2    | Bought a scroll of teleportation for 39 gold pieces
 29208 | Orc:2    | Bought a scroll of identify for 26 gold pieces
 29208 | Orc:2    | Bought a scroll of identify for 26 gold pieces
 29208 | Orc:2    | Bought a scroll of teleportation for 39 gold pieces
 29944 | D:12     | Noticed Domino's ghost (journeyman MiBe)
 29951 | D:12     | Killed Domino's ghost
 30195 | D:12     | Identified the ring "Cet Arph" {Ice Fly SInv}
 30200 | D:12     | Noticed a tengu reaver
 30494 | D:12     | Found a runed translucent door.
 30505 | D:12     | Found a runed translucent door.
 30505 | D:12     | Found a runed translucent door.
 30911 | D:13     | Found a gate to the Vaults.
 31088 | D:13     | Reached skill level 10 in Air Magic
 31276 | D:13     | Found a hide-covered altar of Uskayaw.
 32239 | D:14     | Noticed Nessos
 32244 | D:14     | Killed Nessos
 32245 | D:14     | Reached XP level 16. HP: 98/108 MP: 20/27
 32670 | D:15     | Entered Level 15 of the Dungeon
 33454 | D:15     | Found a staircase to the Depths.
 34122 | Shoals:1 | Entered Level 1 of the Shoals
 36272 | Shoals:2 | HP: 4/108 [merfolk javelineer/javelin (18)]
 36571 | Shoals:3 | Reached XP level 17. HP: 83/114 MP: 25/29
 37187 | Shoals:3 | Learned a level 7 spell: Dragon Form
 37189 | Shoals:3 | Noticed Ilsuiw
 37233 | Shoals:3 | Killed Ilsuiw
 37491 | Shoals:3 | Noticed a kraken
 37588 | Shoals:3 | Noticed Polyphemus
 37594 | Shoals:3 | Killed Polyphemus
 37777 | Shoals:3 | Killed a kraken
 37939 | Shoals:3 | Reached skill level 10 in Fighting
 38041 | Shoals:4 | Entered Level 4 of the Shoals
 38142 | Shoals:4 | Reached skill level 10 in Dodging
 38599 | Shoals:4 | Noticed Kirke
 38610 | Shoals:4 | Killed Kirke
 38691 | Shoals:4 | Reached skill level 15 in Stealth
 39172 | Shoals:4 | Identified the +6 dagger of Dusuptoe {vorpal, SInv}
 39377 | Shoals:4 | Reached skill level 5 in Evocations
 39383 | Shoals:4 | Reached XP level 18. HP: 89/121 MP: 6/30
 39391 | Shoals:4 | Got a barnacled rune of Zot
 39887 | Snake:1  | Entered Level 1 of the Snake Pit
 39898 | Lair:2   | Reached skill level 10 in Invocations
 41314 | Snake:2  | Found Kis Wopp's Magic Scroll Emporium.
 41333 | Snake:2  | Bought a scroll of acquirement for 832 gold pieces
 41333 | Snake:2  | Bought a scroll of teleportation for 48 gold pieces
 41333 | Snake:2  | Acquired 756 gold pieces
 41399 | Snake:2  | Reached skill level 10 in Conjurations
 42269 | Snake:3  | Reached skill level 15 in Unarmed Combat
 43519 | Snake:4  | Entered Level 4 of the Snake Pit
 43554 | Snake:4  | Noticed qborf's ghost (adept DrHW)
 43653 | Snake:4  | Reached XP level 19. HP: 127/127 MP: 26/32
 44321 | Snake:4  | Found a runed translucent door.
 44729 | Snake:4  | Got a serpentine rune of Zot
 45254 | Elf:1    | Entered Level 1 of the Elven Halls
 45254 | Elf:1    | Found a transporter.
 45256 | Elf:1    | Found a transporter.
 45444 | Elf:1    | You are sucked into a shaft and drop 1 floor!
 45516 | Elf:2    | Found a runed translucent door.
 45516 | Elf:2    | Found a shadowy altar of Dithmenos.
 45896 | Elf:2    | Identified the +5 scale mail of the Morning {Regen+ Str+2}
 45975 | Elf:2    | Found Gaenguum's Distillery.
 45986 | Elf:2    | Bought a potion of curing for 33 gold pieces
 45986 | Elf:2    | Bought a potion of heal wounds for 55 gold pieces
 46039 | Elf:2    | Found a runed translucent gate.
 46040 | Elf:2    | Found a runed translucent gate.
 46040 | Elf:2    | Found a runed translucent gate.
 46117 | Elf:1    | Found a transporter.
 46118 | Elf:1    | Found a transporter.
 46251 | Elf:1    | Found a transporter.
 46257 | Elf:1    | Found a transporter.
 46411 | Elf:1    | Got the Octavo of Bolts
 46541 | Elf:1    | Found Noseif's Antique Weapon Shoppe.
 47055 | Elf:3    | Entered Level 3 of the Elven Halls
 47321 | Elf:3    | Reached XP level 20. HP: 135/135 MP: 33/33
 48282 | Elf:3    | Found the +1 cloak of Starlight {*Dazzle EV+4 Stlth--}
 48294 | Elf:3    | Got Sif Muna's Encyclopedia of Fire and the Figure
 48298 | Elf:3    | Identified the +1 cloak of the Villain {+Inv rPois rC+
                  | Dex-5}
 48303 | Elf:3    | Identified the +9 shortbow "Vuviyss" {vorpal, Str+2}
 48335 | Elf:3    | Acquired a book of Changes
 48340 | Elf:3    | Learned a level 2 spell: Wereblood
 48564 | Vaults:1 | Entered Level 1 of the Vaults
 48573 | Vaults:1 | Reached skill level 15 in Transmutations
 48890 | Vaults:1 | Found a transporter.
 48929 | Vaults:1 | Found a transporter.
 49724 | Vaults:1 | Reached skill level 10 in Spellcasting
 50151 | Vaults:1 | Identified the ring "Tioczuto" {Fly rElec Str+7 Int-5}
 50166 | Vaults:1 | Identified the ring of Oxteutos {Will+ EV+4}
 50519 | Vaults:2 | Reached XP level 21. HP: 141/141 MP: 9/35
 51145 | Vaults:2 | Found a radiant altar of Vehumet.
 51159 | Vaults:2 | Identified the +2 robe of Claustrophobia {rC+ Str+4}
 52513 | Vaults:3 | Found a staircase to the Crypt.
 53698 | Vaults:4 | Reached XP level 22. HP: 140/148 MP: 35/36
 53915 | Vaults:4 | Found Zayrio's Antique Weapon Boutique.
 53961 | Vaults:4 | Bought an ivory giant spiked club for 241 gold pieces
 53961 | Vaults:4 | Identified the +1 giant spiked club "Sumocw" {venom, Fly
                  | rN+} (You bought it in a shop on level 4 of the Vaults)
 54681 | Vaults:4 | Paralysed by a great orb of eyes for 4 turns
 55260 | Slime:1  | Entered Level 1 of the Pits of Slime
 55265 | Slime:1  | Reached skill level 15 in Air Magic
 55973 | Slime:3  | Gained mutation: You are vulnerable to heat. (rF-)
                  | [mutagenic glow]
 57127 | Slime:5  | Entered Level 5 of the Pits of Slime
 57340 | Slime:5  | Noticed the Royal Jelly
 57360 | Slime:5  | Killed the Royal Jelly
 57955 | Slime:5  | Got the Incunabulum of the Singed Ground
 57969 | Slime:5  | Identified the +1 cloak of Gozag, Sheltering {Stlth+}
 57988 | Slime:5  | Got a slimy rune of Zot
 58021 | Slime:5  | Got the Anthology of Enchanting Command
 58092 | Slime:5  | Identified the ring of the Shouting Priest {rPois AC+4}
 58126 | Slime:5  | Identified the +1 pair of boots of Coofympa {rElec rF-
                  | rC+++ Str-5}
 58143 | Slime:5  | Learned a level 5 spell: Yara's Violent Unravelling
 58146 | Slime:5  | Identified the +9 great mace of Focus {antimagic, rElec rC+
                  | Dex-3}
 58475 | Depths:1 | Entered Level 1 of the Depths
 58475 | Depths:1 | Noticed a juggernaut
 58475 | Depths:1 | Found a burning altar of Makhleb.
 58477 | Depths:1 | Noticed a juggernaut
 58479 | Depths:1 | Killed a juggernaut
 58480 | Depths:1 | Reached skill level 1 in Summonings
 58487 | D:15     | Reached XP level 23. HP: 155/155 MP: 37/37
 58543 | D:15     | Killed a juggernaut
 58879 | Depths:1 | Found an iron altar of Okawaru.
 59033 | Depths:1 | Found a gateway to Hell.
 59118 | Depths:1 | Reached skill level 15 in Invocations
 59165 | Depths:1 | Found a shimmering altar of Xom.
 59202 | Depths:1 | Found a blossoming altar of Fedhas.
 59274 | Depths:1 | Found a one-way gateway to a ziggurat.
 59285 | Depths:1 | Reached skill level 10 in Evocations
 59832 | Depths:2 | Noticed Nikola
 59838 | Depths:2 | Killed Nikola
 59839 | Depths:2 | Reached skill level 5 in Summonings
 60306 | Depths:2 | Found a one-way gate leading to the halls of Pandemonium.
 60567 | Depths:2 | Found a one-way gate to the infinite horrors of the Abyss.
 60586 | Depths:2 | Noticed the Enchantress
 60593 | Depths:2 | Killed the Enchantress
 61071 | Depths:2 | Got the Codex of the Comitatus
 61167 | Depths:3 | Identified the +2 pair of gloves of the Cockatrice {*Slow
                  | Fly rN+ Slay+5}
 61244 | Depths:3 | Found a shadowy altar of Dithmenos.
 61259 | Depths:3 | Found a magical portal.
 61268 | WizLab   | Entered Yara's Duelist Academy
 61297 | WizLab   | Reached XP level 24. HP: 163/163 MP: 19/38
 61573 | WizLab   | Noticed Hoefysump
 61620 | WizLab   | Found the +5 demon whip "Spellbinder" {antimagic, Will+}
 61657 | WizLab   | Identified the +6 demon whip of the Silent Majority
                  | {antimagic, rF+ rN+ Str+4 Int+4}
 61692 | WizLab   | Learned a level 1 spell: Magic Dart
 61700 | WizLab   | Killed Hoefysump the Head Instructor
 61924 | Depths:3 | Noticed Jory
 61926 | Depths:3 | Killed Jory
 62155 | Depths:3 | Found a sacrificial altar of Ru.
 62272 | Depths:3 | Noticed Vv
 62281 | Depths:3 | Killed Vv
 62509 | Depths:3 | Reached skill level 10 in Summonings
 62755 | Depths:4 | Entered Level 4 of the Depths
 62941 | Depths:4 | Noticed a caustic shrike
 62943 | Depths:4 | Noticed a caustic shrike
 62943 | Depths:4 | Noticed a caustic shrike
 62943 | Depths:4 | Noticed a caustic shrike
 62943 | Depths:4 | Noticed a caustic shrike
 62946 | Depths:4 | Killed a caustic shrike
 62948 | Depths:4 | Killed a caustic shrike
 62949 | Depths:4 | Killed a caustic shrike
 62950 | Depths:4 | Killed a caustic shrike
 62951 | Depths:4 | Killed a caustic shrike
 63284 | Depths:4 | Noticed a juggernaut
 63287 | Depths:4 | Killed a juggernaut
 63719 | Depths:4 | Found a broken altar of Ashenzari.
 63877 | Depths:4 | Found a gate to the Realm of Zot.
 64320 | Depths:4 | Learned a level 7 spell: Spellforged Servitor
 64415 | Zot:1    | Entered Level 1 of the Realm of Zot
 65864 | Zot:1    | Noticed a curse toe
 65867 | Zot:1    | Killed a curse toe
 66025 | Zot:2    | Noticed an orb of fire
 66027 | Zot:2    | Reached XP level 25. HP: 171/171 MP: 24/39
 66028 | Zot:2    | Killed an orb of fire
 66804 | Zot:2    | Identified the ring of Pam Jeno {rElec rPois rC+ Will+}
 67430 | Zot:3    | Noticed a Killer Klown
 67435 | Zot:3    | Killed a Killer Klown
 68195 | Zot:3    | Noticed a Killer Klown
 68198 | Zot:3    | Killed a Killer Klown
 69065 | Zot:3    | Reached XP level 26. HP: 179/179 MP: 28/39
 69328 | Zot:3    | You are sucked into a shaft and drop 1 floor!
 69968 | Zot:4    | Reached skill level 15 in Summonings
 70245 | Zot:4    | Noticed Grunn
 70549 | Zot:4    | Killed Grunn
 70863 | Zot:4    | Reached skill level 15 in Dodging
 71020 | Zot:5    | Entered Level 5 of the Realm of Zot
 71627 | Zot:5    | Noticed a dread lich
 71635 | Zot:5    | Killed a dread lich
 71636 | Zot:5    | Reached skill level 15 in Fighting
 71646 | Zot:5    | Noticed a Killer Klown
 71656 | Zot:5    | Killed a Killer Klown
 71673 | Zot:5    | Learned a level 7 spell: Orb of Destruction
 71682 | Zot:5    | Noticed a dread lich
 71686 | Zot:5    | Noticed an ancient lich
 71687 | Zot:5    | Noticed a Killer Klown
 71688 | Zot:5    | Killed a dread lich
 71694 | Zot:5    | Noticed an ancient lich
 71695 | Zot:5    | Noticed an orb of fire
 71695 | Zot:5    | Noticed a dread lich
 71696 | Zot:5    | Killed an ancient lich
 71696 | Zot:5    | Noticed an orb of fire
 71698 | Zot:5    | Noticed an ancient lich
 71699 | Zot:5    | Noticed an orb of fire
 71701 | Zot:5    | Noticed a Killer Klown
 71702 | Zot:5    | Killed an orb of fire
 71706 | Zot:5    | Killed an ancient lich
 71708 | Zot:5    | Gained mutation: You are frail. (-10% HP) [an orb of fire]
 71709 | Zot:5    | Noticed an ancient lich
 71710 | Zot:5    | Killed an orb of fire
 71712 | Zot:5    | Killed an ancient lich
 71715 | Zot:5    | Killed an orb of fire
 71716 | Zot:5    | Reached XP level 27. HP: 167/167 MP: 35/40
 71716 | Zot:5    | Noticed a dread lich
 71717 | Zot:5    | Noticed a dread lich
 71720 | Zot:5    | Killed a dread lich
 71720 | Zot:5    | Killed a dread lich
 71721 | Zot:5    | Reached skill level 15 in Conjurations
 71721 | Zot:5    | Killed a dread lich
 71724 | Zot:5    | Killed an ancient lich
 71729 | Zot:5    | Gained mutation: You occasionally lose the ability to drink
                  | potions when taking damage. [mutagenic glow]
 71880 | Zot:5    | Gained mutation: You have hidden genetic defects.
                  | [mutagenic glow]
 72112 | Zot:5    | Noticed an ancient lich
 72281 | Zot:5    | Lost mutation: You have hidden genetic defects. [potion of
                  | mutation]
 72281 | Zot:5    | Lost mutation: You occasionally lose the ability to drink
                  | potions when taking damage. [potion of mutation]
 72281 | Zot:5    | Lost mutation: You are vulnerable to heat. (rF-) [potion of
                  | mutation]
 72281 | Zot:5    | Gained mutation: Your spells are a little harder to cast,
                  | but a little more powerful. [potion of mutation]
 72281 | Zot:5    | Gained mutation: You are agile. (Dex +4, Str/Int -1)
                  | [potion of mutation]
 72282 | Zot:5    | Lost mutation: You are frail. (-10% HP) [potion of
                  | mutation]
 72282 | Zot:5    | Lost mutation: Your spells are a little harder to cast, but
                  | a little more powerful. [potion of mutation]
 72282 | Zot:5    | Gained mutation: Your magical capacity is low. (-10% MP)
                  | [potion of mutation]
 72282 | Zot:5    | Gained mutation: You are vulnerable to cold. (rC-) [potion
                  | of mutation]
 72283 | Zot:5    | Lost mutation: Your natural rate of healing is unusually
                  | fast. [potion of mutation]
 72283 | Zot:5    | Lost mutation: You are agile. (Dex +4, Str/Int -1) [potion
                  | of mutation]
 72283 | Zot:5    | Gained mutation: You are partially covered in iridescent
                  | scales. (AC +2) [potion of mutation]
 72284 | Zot:5    | Lost mutation: Your magical capacity is low. (-10% MP)
                  | [potion of mutation]
 72284 | Zot:5    | Lost mutation: You are vulnerable to cold. (rC-) [potion of
                  | mutation]
 72284 | Zot:5    | Gained mutation: A frigid envelope surrounds you and
                  | freezes all who hurt you. [potion of mutation]
 72617 | Zot:5    | Got the Orb of Zot
 72628 | Zot:5    | Killed an ancient lich
 72660 | Zot:4    | Noticed a seraph
 72812 | Depths:4 | Noticed Ydoshruz the pandemonium lord
 72812 | Depths:4 | Noticed an ancient lich
 73212 | D:11     | Noticed Icwihel the pandemonium lord
 73214 | D:11     | Killed Icwihel the pandemonium lord
 73302 | D:6      | Noticed Moppu the pandemonium lord
 73307 | D:6      | Killed Moppu the pandemonium lord
 73427 | D:4      | Noticed Fenkiuptu the pandemonium lord
 73435 | D:4      | Killed Fenkiuptu the pandemonium lord
 73653 | D:$      | Escaped with the Orb!

Illustrated notes

Levels and vault maps discovered:
D:1:      reono_arrival_forest_river, layout_basic,
          hangedman_decor_diamond_cutter
D:2:      kennysheep_big_flooded_room, layout_basic, serial_shops, shop,
          serial_bayou_pond_b, minmay_pentomino_q4, uniq_jessica
D:3:      layout_basic, mainiacjoe_overflow_tiny_flanked,
          mainiacjoe_overflow_boulevard, uniq_sigmund, uniq_grinder
D:4:      layout_loops_ring, minmay_ruptured
D:5:      layout_basic, old_standard_altar, enter_ossuary_1, uniq_edmund
D:6:      layout_basic, nemelex_dance_club_becter, minmay_temple_entry_ruins
D:7:      layout_basic, hangedman_decor_opposing,
          hangedman_abyss_or_decor_jellyfish_corner, nicolae_elemental_shop,
          uniq_maggie
D:8:      layout_basic, nzn_life_drinkers
D:9:      layout_roguey, grunt_lair_entry_orc_guard_hut, serial_shops,
          nicolae_shop_behind_doors, nicolae_shop_competitors_out_of_business,
          shop, shop_coins
D:10:     layout_rooms, nicolae_island_escapes
D:11:     layout_roguey, hiddenorc2_lemuel, item_on_display_a
D:12:     minmay_the_grid_triangle_9x9_recursive_3_mashed
          [minmay_the_grid_triangle_9x9_fully_insulated_deathbox,
          minmay_the_grid_triangle_9x9_from_above,
          minmay_the_grid_triangle_9x9_alien,
          minmay_the_grid_triangle_9x9_prize_schism,
          minmay_the_grid_triangle_9x9_wacky_v,
          minmay_the_grid_triangle_9x9_steps,
          minmay_the_grid_triangle_9x9_swiss_cheese,
          minmay_the_grid_triangle_9x9_corruption,
          minmay_the_grid_triangle_9x9_longest], layout_basic,
          gammafunk_ghost_nasty_kobolds, minivault_27, minmay_variable_closet
D:13:     layout_cave_pods, hangedman_vaults_entry_quadrant_bands,
          eat_drink_and_be_merry_uskayaw
D:14:     layout_basic, minmay_strange_pillars, glass_columns_a,
          dreamdust_mushroom_princess, dreamdust_looks_like_rain, uniq_nessos
D:15:     grunt_enter_depths_hoard, layout_irregular_city
Temple:   hc_temple_tempest_star
Lair:1:   layout_regular_city
Lair:2:   layout_cave_pods, dummy_snake_entry
Lair:3:   layout_regular_city, elwin_shoals_entry_stream,
          infiniplex_staircase_pool_2, grunt_megastairs_3, serial_bayou_shore_a
Lair:4:   layout_gridlike, uniq_snorg
Lair:5:   hangedman_lair_tendril_chambers, layout_layer_cave, slime_entry_1,
          grunt_forest_large_clearings
Shoals:1: layout_shoals
Shoals:2: cheibrodos_shoals_roost, layout_shoals, nicolae_shoals_mertower
Shoals:3: layout_shoals, st_sunken_temple, uniq_polyphemus, uniq_ilsuiw
Shoals:4: shoals_end_grunt_ice, layout_shoals, uniq_kirke
Snake:1:  layout_grid_shapes, guppyfry_snake_island
Snake:2:  layout_gridlike, nicolae_stop_n_shop_1, st_stairs_8,
          hangedman_snake_sidewinding
Snake:3:  layout_chambers, serial_bayou_pond_c, st_stairs_4, grunt_megastairs_2
Snake:4:  hellmonk_snake_rune_quicksilver_temple, layout_cave_town,
          hellmonk_ghost_happy_afterlife, nicolae_snake_slithery_corners
Slime:1:  layout_caves
Slime:2:  layout_caves
Slime:3:  layout_caves, cheibrodos_slime_lost_civilization_4
Slime:4:  layout_caves
Slime:5
Orc:1:    layout_diamond_mine, serial_shops, nicolae_shop_bloodbath_and_beyond,
          nicolae_shop_behind_doors, nicolae_shop_advertising_works
          [nicolae_subvault_shop_adworks], portal_ice_cave_entry_imps,
          nicolae_orc_lava_tube, uniq_jorgrun
Orc:2:    st_orc_pillars, layout_caves, nicolae_volcano_entry_batcave,
          dreamdust_deal_with_the_devil
Elf:1:    layout_geoelf_octagon, serial_shops, shop, minmay_elf_annihilation,
          minivault_25_ag, serial_nicolae_subway, nicolae_sub_station_metal,
          nicolae_sub_station_stone, nicolae_sub_station_crystal
Elf:2:    nicolae_elf_blades_crystal_corner, layout_rooms, serial_shops,
          nicolae_shop_trees, nicolae_danse_macabre
Elf:3:    minmay_elf_hall_dome, layout_geoelf_diagonals
Vaults:1: gammafunk_its_a_trap, vaults_dpeg_doors, nicolae_vaults_what_the_h,
          nicolae_vaults_network_square, ontoclasm_vaults_tryst, v_misc_26,
          vaults_room_pool, vaults_dpeg_ring, layout_vaults_omnicross
Vaults:2: vaults_room_stairs_pillars, v_misc_22, nicolae_vaults_network_star,
          grunt_vaults_swirl, ontoclasm_vaults_shuriken,
          hangedman_vaults_cutoff, grunt_tower_of_power,
          nicolae_vaults_angled_halls, ontoclasm_vaults_loading_screen,
          v_misc_10, v_rooms_6, v_misc_16, nicolae_vaults_network_s,
          ontoclasm_vaults_decontamination, layout_vaults_omnibox
Vaults:3: v_misc_5, grunt_vaults_hallway_short, hangedman_vaults_slither,
          minmay_crypt_entry_simple_sparse, v_misc_18,
          vaults_standard_mumra_lines, hangedman_vaults_trim,
          hangedman_vaults_restitches, nicolae_vaults_little_squares_5,
          nicolae_vaults_little_squares_1, nicolae_vaults_little_squares_5,
          ontoclasm_vaults_fault, layout_vaults_chaotic_city
Vaults:4: nicolae_vaults_border_crossing, vaults_mumra_chevron,
          vaults_mumra_lcd, vaults_mumra_bighexcomb, vaults_mumra_minichess,
          ontoclasm_vaults_chip, v_misc_15, v_misc_22, layout_vaults_omnigrid,
          serial_shops, shop
Depths:1: layout_small_grid, enter_ziggurat_f, okawaru_ov_weapons_minmay,
          pf_vacation_house_of_asmodeus, chequers_serial_rivers_marsh,
          hangedman_feature_mirror, xom_teletrap_fun
Depths:2: minmay_inner_zag, layout_basic, pan_entry, hangedman_decor_push,
          abyss_entry, pf_hell_entry_tar_river, hangedman_research_convocations,
          uniq_enchantress, uniq_nikola
Depths:3: dreamdust_cat_pyramid, layout_long_grid,
          nicolae_ru_sacrificial_ziggurat, mu_enter_wizlab_4, abyss_entry,
          hell_entry, nicolae_dithmenos_shadow_blocks,
          infiniplex_staircase_pool_lava, uniq_jory, uniq_vv
Depths:4: evilmike_zot_entry_argh, layout_honeycomb, grunt_pan_entry_spiral,
          hell_entry, nicolae_ashenzari_panopticon, minmay_pinched_square
Zot:1:    layout_onion_interference, grunt_megastairs_1
Zot:2:    layout_onion
Zot:3:    lemuel_acid_trip, layout_cathedral_of_symmetry
Zot:4:    layout_cathedral_of_symmetry, st_stairs_1,
          kennysheep_underground_church, uniq_grunn
Zot:5:    layout_twisted_circle

Skill      XL: |  1  2  3  4  5  6  7  8  9 10 11 12 13 14 15 16 17 18 19 20 21 22 23 24 25 26 27 |
---------------+----------------------------------------------------------------------------------+-----
Stealth        | 3 4 5 6 7 8 9 10 11 12 14 15 16 17 18 19 20 | 20.3
Unarmed Combat | 4 5 6 7 8 9 10 11 12 13 14 15 16 17 18 19 20 | 20.9
Transmutations | 1 2 3 4 5 7 8 9 10 11 12 13 14 15 16 17 18 | 18.9
Conjurations   | 1 2 3 4 5 6 7 8 9 10 11 12 13 14 15 | 15.4
Earth Magic    | 1 2 |  2.2
Spellcasting   | 1 2 3 4 5 6 7 8 9 10 11 12 13 14 | 14.0
Fighting       | 4 5 6 7 8 9 10 11 12 13 14 15 | 15.6
Dodging        | 4 5 6 7 8 9 10 11 12 13 14 15 | 15.7
Air Magic      | 1 2 4 5 6 7 9 10 11 12 13 14 15 16 17 18 | 18.0
Evocations     | 1 3 5 6 7 8 9 10 | 10.0
Translocations | 3 4 |  4.0
Invocations    | 1 5 7 8 9 11 12 13 14 15 | 15.0
Summonings     | 1 8 12 14 15 16 | 16.6

Action                   |  1- 3 |  4- 6 |  7- 9 | 10-12 | 13-15 | 16-18 | 19-21 | 22-24 | 25-27 || total
-------------------------+-------+-------+-------+-------+-------+-------+-------+-------+-------++-------
Melee: Unarmed           |    55 |   155 |   437 |   506 |   766 |   550 |   569 |   598 |   448 ||  4084
       Constrict         |    13 |    33 |    86 |    87 |   167 |    44 |     4 |     3 |       ||   437
       Tentacles         |     9 |    43 |   127 |   144 |   270 |    85 |     7 |     4 |       ||   689
       Punch             |     1 |     6 |    16 |    44 |    96 |    52 |    61 |    93 |    83 ||   452
       Tailslap          |       |       |       |       |       |    65 |   105 |    98 |   101 ||   369
       Bite              |       |       |       |       |       |    36 |    68 |    71 |    78 ||   253
Throw: Dart              |     7 |     8 |    37 |       |     1 |       |       |       |       ||    53
       Stone             |       |    19 |     6 |    16 |     6 |       |       |       |       ||    47
       Throwing net      |       |       |     2 |       |       |       |       |       |       ||     2
       Boomerang         |       |       |     1 |       |     1 |       |       |       |       ||     2
 Cast: Passwall          |       |       |     7 |     3 |     4 |       |     1 |       |    38 ||    53
       Irradiate         |       |       |     2 |    33 |    67 |    56 |     8 |    38 |    25 ||   229
       Vhi's Electric Ch |       |       |       |     7 |    88 |   155 |   130 |   121 |   107 ||   608
       Arcjolt           |       |       |       |     5 |    48 |    41 |    22 |    45 |    26 ||   187
       Momentum Strike   |       |       |       |     3 |     2 |       |       |       |       ||     5
       Lesser Beckoning  |       |       |       |       |     8 |     8 |    20 |    18 |     4 ||    58
       Dragon Form       |       |       |       |       |       |    49 |    79 |    98 |    70 ||   296
       Blink             |       |       |       |       |       |     1 |       |     1 |       ||     2
       Wereblood         |       |       |       |       |       |       |     1 |     2 |     1 ||     4
       Spellforged Servi |       |       |       |       |       |       |       |     4 |    11 ||    15
       Magic Dart        |       |       |       |       |       |       |       |     1 |       ||     1
Invok: Step From Time    |       |       |       |       |       |     1 |       |     1 |     2 ||     4
       Slouch            |       |       |       |       |       |       |       |     4 |     2 ||     6
 Abil: End Transformatio |       |       |       |       |       |     1 |     1 |     1 |     1 ||     4
       Breathe Fire      |       |       |       |       |       |       |     1 |     2 |       ||     3
Evoke: Wand              |       |       |     7 |     9 |     8 |     3 |     5 |     4 |    12 ||    48
       Condenser vane    |       |       |       |       |       |       |       |     1 |     1 ||     2
  Use: Scroll            |       |     5 |     8 |     9 |     9 |     3 |     4 |     6 |     8 ||    52
       Potion            |       |     2 |     3 |     3 |     6 |     1 |     2 |     8 |    21 ||    46
 Stab: Sleeping          |     5 |    11 |    16 |    18 |     9 |       |     2 |     5 |       ||    66
       Held in net/web   |       |       |     5 |       |       |       |       |       |       ||     5
       Distracted        |       |       |     2 |     4 |     3 |     1 |     1 |     2 |     2 ||    15
       Invisible         |       |       |       |     2 |       |       |       |     7 |       ||     9
       Petrified         |       |       |       |       |       |     2 |       |       |       ||     2
Armor: Skin              |     5 |     1 |     9 |     9 |     8 |    76 |    92 |   160 |   131 ||   491
Dodge: Dodged            |    29 |    88 |   357 |   527 |   993 |   825 |   583 |   774 |   756 ||  4932

Table legend: (Time is in decaauts)
 A = Elapsed time spent in this place.
 B = Non-inter-level travel time spent in this place.
 C = Inter-level travel time spent in this place.
 D = Time resting spent in this place.
 E = Time spent auto-exploring this place.
 F = Levels seen in this place.
 G = Mean time per level.
                   A        B        C        D        E       F      G
               +--------+--------+--------+--------+--------+-----+--------+
         Total | 105373 |  97061 |   8312 |  13137 |  62035 |  55 | 1915.9 |
       Dungeon |  26772 |  23770 |   3002 |   5081 |  12616 |  15 | 1784.8 |
        Temple |    269 |    206 |     63 |      0 |    189 |   1 |  269.0 |
          Lair |  14931 |  13558 |   1373 |   3018 |   8510 |   5 | 2986.2 |
        Shoals |   8625 |   7960 |    665 |    954 |   5369 |   4 | 2156.2 |
     Snake Pit |   8056 |   7719 |    337 |    308 |   6095 |   4 | 2014.0 |
    Slime Pits |   4178 |   3907 |    271 |    783 |   2011 |   5 |  835.6 |
  Orcish Mines |   3444 |   2967 |    477 |    310 |   1265 |   2 | 1722.0 |
   Elven Halls |   4984 |   4565 |    419 |    198 |   3369 |   3 | 1661.3 |
        Vaults |  10211 |   9503 |    708 |    203 |   7963 |   4 | 2552.8 |
        Depths |   8071 |   7741 |    330 |    168 |   6161 |   4 | 2017.8 |
           Zot |  12452 |  11790 |    662 |   1531 |   7941 |   5 | 2490.4 |
       Ossuary |   1263 |   1263 |      0 |    301 |      4 |   1 | 1263.0 |
      Ice Cave |   1256 |   1256 |      0 |    184 |    347 |   1 | 1256.0 |
        Wizlab |    856 |    856 |      0 |     98 |    194 |   1 |  856.0 |
               +--------+--------+--------+--------+--------+-----+--------+

Top non-repeatable levels by time:
    D:12: 3717 daAuts
  Lair:5: 3697 daAuts
  Lair:2: 3180 daAuts
  Lair:4: 3147 daAuts
    D:11: 3062 daAuts
  Lair:1: 2766 daAuts
   Zot:1: 2749 daAuts
Vaults:1: 2740 daAuts
Vaults:3: 2656 daAuts
Depths:4: 2588 daAuts
 Snake:3: 2563 daAuts
    D:13: 2542 daAuts
Shoals:2: 2532 daAuts
   Orc:2: 2520 daAuts
   Zot:2: 2519 daAuts
